 Dungeon Crawl Stone Soup version 0.30-a0-269-gf0224bf7b6 (webtiles) character file.

Game seed: 10973377353516684228

1278 koil the Sneak (level 8, -7/40 HPs)
             Began as a Spriggan Enchanter on Oct 15, 2022.
             Was an Initiate of Dithmenos.
             Mangled by a two-headed ogre
             ... wielding a +0 giant club
              (21 damage)
             ... on level 6 of the Dungeon.
             The game lasted 00:17:59 (5944 turns).

koil the Sneak (Spriggan Enchanter)                 Turns: 5944, Time: 00:18:01

Health: -7/40      AC:  4    Str:  4    XL:     8   Next: 29%
Magic:  9/17       EV: 26    Int: 16    God:    Dithmenos [......]
Gold:   239        SH:  0    Dex: 24    Spells: 13/18 levels left

rFire   . . .      SeeInvis +    a - +2 dagger
rCold   . . .      Faith    .    (no shield)
rNeg    . . .      Spirit   .    o - +0 robe
rPois   .          Reflect  .    (helmet restricted)
rElec   .          Harm     .    j - +1 cloak
rCorr   .          Rampage  .    (gloves unavailable)
Will    +....                    (boots unavailable)
Stlth   ++++......               t - amulet of regeneration
HPRegen 1.06/turn                v - +4 ring of evasion
MPRegen 0.15/turn                J - +6 ring of dexterity

@: very quick
A: very small, no large weapons, unfitting armour, see invisible, speed 3
a: Renounce Religion


You were on level 6 of the Dungeon.
You worshipped Dithmenos.
Dithmenos was noncommittal.
You visited 2 branches of the dungeon, and saw 7 of its levels.
You also visited: Sewer and Ossuary.

You collected 239 gold pieces.

Inventory:

Hand Weapons
 a - a +2 dagger (weapon)
Missiles
 f - 4 poisoned darts (quivered)
Armour
 j - a +1 cloak (worn)
 o - a +0 robe (worn)
Jewellery
 g - a ring of fire
 t - an amulet of regeneration (around neck)
 v - a +4 ring of evasion (left hand)
 J - a +6 ring of dexterity (right hand)
Wands
 G - a wand of roots (6)
 I - a wand of mindburst (7)
Scrolls
 i - 5 scrolls of teleportation
 n - 2 scrolls of enchant armour
 z - 2 scrolls of fear
 A - a scroll of summoning
Potions
 c - 2 potions of invisibility
 d - a potion of lignification
 h - 3 potions of might
 k - 6 potions of curing
 p - 2 potions of resistance
 q - a potion of magic
 r - a potion of ambrosia
 w - a potion of heal wounds
 D - 2 potions of brilliance


   Skills:
 + Level 3.1 Fighting
 + Level 4.4 Short Blades
 + Level 5.9 Dodging
 + Level 7.8 Stealth
 + Level 5.5 Spellcasting
 + Level 6.1 Hexes


You had 13 spell levels left.
You knew the following spells:

 Your Spells              Type           Power      Damage    Failure   Level
a - Ensorcelled Hibernat  Hex/Ice        28%        N/A       6%          2
b - Confusing Touch       Hex            24%        N/A       3%          3

Your spell library contained the following spells:

 Spells                   Type           Power      Damage    Failure   Level
 Tukima's Dance           Hex            24%        N/A       3%          3
 Dazzling Flash           Conj/Hex       28%        N/A       12%         3
 Gell's Gravitas          Tloc           4%         N/A       41%         3
 Teleport Other           Tloc           4%         N/A       41%         3
 Dispersal                Tloc           2%         N/A       100%        6


Dungeon Overview and Level Annotations

Branches:
Dungeon (6/15)             Temple (1/1) D:5           Sewer (visited)
Ossuary (visited)

Altars:
Ashenzari
Cheibriados
Dithmenos
Fedhas
Gozag
Okawaru
Uskayaw
Vehumet
Yredelemnul
Zin

Shops:
D:1 [


Innate Abilities, Weirdness & Mutations

You are very small and have problems with some larger weapons.
You are too small for most types of armour.
You have supernaturally acute eyesight. (SInv)
You cover ground extremely quickly. (Speed+++)


Message History

Unknown command.
Done exploring.
Done exploring.
You see here a +0 whip.
There is a stone staircase leading down here.
You climb downwards.
There is a stone staircase leading up here.
You feel your willpower return.
The two-headed ogre completely misses you.
The two-headed ogre closely misses you.
Casting: Ensorcelled Hibernation (safe; 6% risk of failure)
Confirm with . or Enter, or press ? or * to list all spells.
Aiming: Ensorcelled Hibernation (safe; 6% risk of failure)
Press: ? - help, Shift-Dir - straight line, f - two-headed ogre
Aim: a two-headed ogre, wielding two +0 giant clubs (chance to affect: 30%)
The two-headed ogre easily resists.
The two-headed ogre hits you with a +0 giant club! x2
* * * LOW HITPOINT WARNING * * *
Found an opulent altar of Gozag.
Casting: Ensorcelled Hibernation (safe; 6% risk of failure)
Confirm with . or Enter, or press ? or * to list all spells.
Aiming: Ensorcelled Hibernation (safe; 6% risk of failure)
Press: ? - help, Shift-Dir - straight line, f/p - two-headed ogre
Aim: a two-headed ogre, wielding two +0 giant clubs (chance to affect: 30%)
The two-headed ogre easily resists.
Casting: Ensorcelled Hibernation (safe; 6% risk of failure)
Confirm with . or Enter, or press ? or * to list all spells.
Aiming: Ensorcelled Hibernation (safe; 6% risk of failure)
Press: ? - help, Shift-Dir - straight line, f/p - two-headed ogre
Aim: a two-headed ogre, wielding two +0 giant clubs (chance to affect: 30%)
The two-headed ogre easily resists.
Casting: Ensorcelled Hibernation (safe; 6% risk of failure)
Confirm with . or Enter, or press ? or * to list all spells.
Aiming: Ensorcelled Hibernation (safe; 6% risk of failure)
Press: ? - help, Shift-Dir - straight line, f/p - two-headed ogre
Aim: a two-headed ogre, wielding two +0 giant clubs (chance to affect: 30%)
The two-headed ogre easily resists.
The two-headed ogre misses you.
The two-headed ogre hits you with a +0 giant club!!
Ouch! That really hurt!
You die...

##...##....
##.....#....
#<.........
#........#
#.......## .
##.....## 8..
##...o..#....
#..........._
#...O@..#...
#.......#
##.....##
##...## #####


You could see a two-headed ogre and an orc.

Vanquished Creatures
  Sigmund (D:3)
  3 scorpions
  A bullfrog (D:5)
  A howler monkey (D:4)
  2 centaur zombies (Ossuary)
  3 hounds
  2 orc priests (D:5)
  4 jellies
  3 human zombies (Ossuary)
  Jessica (D:3)
  2 iguanas (D:5)
  Natasha (thrice) (D:3)
  5 mummies (Ossuary)
  10 adders
  A river rat (D:3)
  A worm (D:4)
  3 dart slugs
  11 orcs
  12 ball pythons
  3 bats
  6 endoplasms
  2 giant cockroaches
  2 gnoll zombies (Ossuary)
  4 hobgoblins
  11 jackals
  4 quokkas
  9 frilled lizards
  6 goblins
  A hobgoblin zombie (Ossuary)
  4 kobolds
  7 rats
128 creatures vanquished.

Notes
Turn   | Place    | Note
-------+----------+-------------------------------------------
     0 | D:1      | koil the Spriggan Enchanter began the quest for the Orb.
     0 | D:1      | Reached XP level 1. HP: 9/9 MP: 5/5
   137 | D:1      | Reached XP level 2. HP: 13/13 MP: 6/6
   140 | D:1      | Learned a level 2 spell: Ensorcelled Hibernation
   449 | D:1      | Found Moru's Antique Armour Shop.
   889 | D:2      | Reached XP level 3. HP: 17/17 MP: 8/8
   893 | D:2      | Learned a level 3 spell: Confusing Touch
  1100 | D:2      | Found a faded altar of an unknown god.
  1264 | D:2      | Reached skill level 5 in Stealth
  1468 | D:3      | Noticed Natasha
  1470 | D:3      | Killed Natasha
  1471 | D:3      | Reached skill level 1 in Fighting
  1471 | D:3      | Reached XP level 4. HP: 22/22 MP: 9/9
  1500 | D:3      | Noticed Jessica
  1507 | D:3      | Killed Jessica
  1519 | D:3      | Found a broken altar of Ashenzari.
  1521 | D:3      | Noticed Natasha
  1613 | D:3      | Killed Natasha
  1697 | D:3      | Reached XP level 5. HP: 23/25 MP: 11/11
  1745 | D:3      | Noticed Sigmund
  1760 | D:3      | Killed Sigmund
  1761 | D:3      | Reached skill level 6 in Stealth
  1761 | D:3      | Reached XP level 6. HP: 30/30 MP: 6/12
  2074 | D:3      | Found a basalt altar of Yredelemnul.
  2094 | D:3      | Noticed Natasha
  2095 | D:3      | Found a glowing drain.
  2107 | D:3      | Killed Natasha
  2124 | Sewer    | Entered a sewer
  2999 | D:4      | Reached skill level 5 in Hexes
  3250 | D:4      | Reached XP level 7. HP: 35/35 MP: 11/14
  3357 | D:4      | Found a snail-covered altar of Cheibriados.
  3401 | D:4      | Reached skill level 5 in Dodging
  3695 | D:4      | Found a sand-covered staircase.
  3707 | Ossuary  | Entered an ossuary
  3894 | Ossuary  | Reached skill level 7 in Stealth
  4129 | D:4      | Reached skill level 5 in Spellcasting
  4290 | D:4      | Found a shadowy altar of Dithmenos.
  4309 | D:4      | Became a worshipper of Dithmenos the Shadowed
  4577 | D:5      | Entered Level 5 of the Dungeon
  4920 | D:5      | Reached XP level 8. HP: 29/39 MP: 11/16
  5260 | D:5      | Found a staircase to the Ecumenical Temple.
  5610 | D:5      | Found a glowing silver altar of Zin.
  5833 | Temple   | Entered the Ecumenical Temple
  5932 | D:6      | Noticed a two-headed ogre
  5941 | D:6      | Found an opulent altar of Gozag.
  5944 | D:6      | Mangled by a two-headed ogre

Illustrated notes

Levels and vault maps discovered:
D:1:      elethiomel_arrival_shortcut, layout_loops_ring, serial_shops, shop
D:2:      layout_loops_ring, ebering_ecumenical_altar_mist, minmay_surrounded
D:3:      layout_basic, mainiacjoe_overflow_concentric_impassable,
          mainiacjoe_overflow_surrounded_room, gup_sewer_entry_bowl,
          corexii_corridor_pit, nicolae_elevator_lobby_plus, uniq_sigmund,
          uniq_jessica, uniq_natasha
D:4:      layout_basic, kennysheep_slug_shrine,
          grunt_dithmenos_smoke_and_mirrors, nicolae_ossuary_entry_ruins,
          corexii_mini_fake_secret_closet, minmay_crystal_room
D:5:      layout_layer_cave, zin_scriptorium, minmay_temple_entry_arrows
D:6:      minmay_chambers_of_sixes, layout_rooms, mainiacjoe_overflow_brackets,
          grunt_gozag_statues, nicolae_wooded_promenade,
          minmay_misc_feat_pillars, minmay_starry_boxes, uniq_blork_the_orc
Temple:   zaba_magenta_temple

Skill      XL: |  1  2  3  4  5  6  7  8 |
---------------+-------------------------+-----
Dodging        | 3 4 5 |  5.9
Spellcasting   | 3 4 5 |  5.5
Hexes          | 4 5 6 |  6.1
Stealth        | 5 6 7 |  7.8
Fighting       | 1 2 3 |  3.1
Short Blades   | 2 3 4 |  4.4

Action                   |  1- 3 |  4- 6 |  7- 9 || total
-------------------------+-------+-------+-------++-------
Melee: Dagger            |    83 |   186 |   186 ||   455
       Punch             |       |     1 |     2 ||     3
 Cast: Ensorcelled Hiber |     4 |    28 |    29 ||    61
       Confusing Touch   |       |     1 |     9 ||    10
  Use: Scroll            |       |       |    18 ||    18
 Stab: Sleeping          |    15 |    22 |    25 ||    62
       Confused          |       |     1 |    10 ||    11
Armor: Robe              |    12 |    24 |    13 ||    49
Dodge: Dodged            |    52 |   189 |   121 ||   362

Table legend: (Time is in decaauts)
 A = Elapsed time spent in this place.
 B = Non-inter-level travel time spent in this place.
 C = Inter-level travel time spent in this place.
 D = Time resting spent in this place.
 E = Time spent auto-exploring this place.
 F = Levels seen in this place.
 G = Mean time per level.
                   A        B        C        D        E       F      G
               +--------+--------+--------+--------+--------+-----+--------+
         Total |   4363 |   4261 |    102 |    127 |   3100 |   9 |  484.8 |
       Dungeon |   3465 |   3363 |    102 |     37 |   2609 |   6 |  577.5 |
        Temple |     57 |     57 |      0 |     10 |      0 |   1 |   57.0 |
         Sewer |    495 |    495 |      0 |     80 |    286 |   1 |  495.0 |
       Ossuary |    344 |    344 |      0 |      0 |    204 |   1 |  344.0 |
               +--------+--------+--------+--------+--------+-----+--------+

Top non-repeatable levels by time:
     D:5: 899 daAuts
     D:4: 859 daAuts
     D:3: 735 daAuts
     D:1: 528 daAuts
   Sewer: 495 daAuts
     D:2: 434 daAuts
 Ossuary: 344 daAuts
  Temple: 57 daAuts
     D:6: 8 daAuts
